 Dungeon Crawl Stone Soup version 0.27-a0-1502-g47ed6a6988 (webtiles) character file.

Game seed: 2236904879244039755

11711 garrulousMonolith the Spear-Bearer (level 11, -1/86 HPs)
             Began as a Demonspawn Fighter on July 9, 2021.
             Was a Follower of Yredelemnul.
             Killed from afar by a gargoyle (15 damage)
             ... with a stone arrow
             ... on level 11 of the Dungeon.
             The game lasted 00:16:00 (9971 turns).

garrulousMonolith the Spear-Bearer (DsFi)           Turns: 9971, Time: 00:16:01

Health: -1/86      AC: 22    Str: 18    XL:     11   Next: 52%
Magic:  4/4        EV:  6    Int:  9    God:    Yredelemnul [*.....]
Gold:   462        SH: 11    Dex: 15    Spells: 10/10 levels left

rFire    . . .     SeeInvis +   i - +2 demon trident (antimagic)
rCold    . . .     Faith    .   c - +0 kite shield
rNeg     . . .     Spirit   .   s - +0 plate armour
rPois    .         Reflect  .   (no helmet)
rElec    .         Harm     .   U - +0 cloak
rCorr    .         Rampage  .   Q - +0 pair of gloves
Will     .....                  (no boots)
Stlth    ..........             w - amulet of regeneration
HPRegen  1.24/turn              n - ring of see invisible
MPRegen  0.09/turn              (no ring)

@: sanguine armoured
A: hooves 2, demonic guardian 1, ignite blood 1, sanguine armour 1
a: Renounce Religion, Animate Remains


You were on level 11 of the Dungeon.
You worshipped Yredelemnul.
Yredelemnul was aware of your devotion.
You visited 2 branches of the dungeon, and saw 12 of its levels.
You also visited: Ossuary.

You collected 462 gold pieces.

Inventory:

Hand Weapons
 i - a +2 antimagic demon trident (weapon)
 q - a +2 dagger of venom
 z - the +7 hand axe "Des Ecu" {flame, Str+3}
   (You found it on level 4 of the Dungeon)

   It has been specially enchanted to burn those struck by it, causing extra
   injury to most foes and up to half again as much damage against particularly
   susceptible opponents.
   Big, fiery blades are also staple armaments of hydra-hunters.
   Str:       It affects your strength (+3).
 B - a +1 trident of freezing
 J - a +0 double sword
Missiles
 g - 49 poisoned darts
 k - 20 boomerangs
 r - 8 curare-tipped darts (quivered)
 H - 14 boomerangs of dispersal
 L - 9 atropa-tipped darts
 O - 12 javelins
Armour
 c - a +0 kite shield (worn)
 s - a +0 plate armour (worn)
 D - the +2 chain mail of Conscience {Will+ Regen+ Str-5 Dex+3}
   (You found it on level 5 of the Dungeon)

   Str:       It affects your strength (-5).
   Dex:       It affects your dexterity (+3).
   Regen:     It increases your rate of health regeneration.
   Will:      It increases your willpower.
 Q - a +0 pair of gloves (worn)
 U - a +0 cloak (worn)
Jewellery
 n - a ring of see invisible (left hand)
 p - an amulet of magic regeneration
 w - an amulet of regeneration (around neck)
 M - a ring of positive energy
Wands
 C - a wand of flame (8)
 G - a wand of polymorph (7)
 K - a wand of acid (10)
 S - a wand of iceblast (6)
Scrolls
 l - 3 scrolls of amnesia
 m - 3 scrolls of enchant armour {unknown}
 o - 3 scrolls of teleportation
 t - 2 scrolls of noise {unknown}
 u - a scroll of vulnerability {unknown}
 x - 2 scrolls of immolation
 y - 2 scrolls of fear {unknown}
 F - 3 scrolls of enchant weapon {unknown}
 I - a scroll of fog {unknown}
 P - a scroll of acquirement {unknown}
 R - a scroll of brand weapon {unknown}
 T - a scroll of identify
Potions
 a - 2 potions of attraction
 d - 3 potions of might
 e - 3 potions of heal wounds
 f - 6 potions of curing
 h - 5 potions of flight
 j - 3 potions of mutation
 v - 3 potions of brilliance
 A - 3 potions of lignification
 E - 5 potions of berserk rage
 N - a potion of resistance {unknown}
Miscellaneous
 b - a piece from Xom's chessboard (15/15)


   Skills:
 + Level 8.3 Fighting
 * Level 10.2 Polearms
 + Level 7.5 Armour
 - Level 5.0 Dodging
 + Level 7.6 Shields
 * Level 5.1 Invocations


You had 10 spell levels left.
You didn't know any spells.
Your spell library contained the following spells:

 Spells                   Type           Power      Damage    Failure   Level
 Animate Skeleton         Necr           0%         N/A       100%        1
 Apportation              Tloc           0%         N/A       100%        1
 Beastly Appendage        Tmut           0%         N/A       100%        1
 Corona                   Hex            0%         N/A       100%        1
 Magic Dart               Conj           0%         1d3       100%        1
 Summon Small Mammal      Summ           0%         N/A       100%        1
 Searing Ray              Conj           0%         3d3       100%        2
 Static Discharge         Conj/Air       0%         N/A       100%        2
 Wereblood                Tmut           0%         N/A       100%        2
 Spider Form              Tmut/Pois      0%         N/A       100%        3
 Animate Dead             Necr           0%         N/A       100%        4
 Dispel Undead            Necr           0%         3d6       100%        4
 Fulminant Prism          Conj/Hex       0%         3d6       100%        4
 Leda's Liquefaction      Hex/Erth       0%         N/A       100%        4
 Sticky Flame             Conj/Fire      0%         2d3       100%        4
 Bolt of Magma            Conj/Fire/Erth 0%         4d4       100%        5
 Borgnjor's Vile Clutch   Necr/Erth      0%         N/A       100%        5
 Death Channel            Necr           0%         N/A       100%        6
 Statue Form              Tmut/Erth      0%         N/A       100%        6


Dungeon Overview and Level Annotations

Branches:
Dungeon (11/15)            Temple (1/1) D:4            Lair (0/6) D:11
Ossuary (visited)
    Orc: D:9-12

Altars:
Ashenzari
Cheibriados
Dithmenos
Elyvilon
Fedhas
Gozag
Hepliaklqana
Kikubaaqudgha
Makhleb
Nemelex Xobeh
Okawaru
Qazlal
Ru
Sif Muna
Trog
Uskayaw
Vehumet
Wu Jian
Xom
Yredelemnul
Zin
The Shining One

Shops:
D:1 !   D:6 :   D:11 [

Annotations:
D:9 4 runed translucent doors
D:11 1 runed translucent door


Innate Abilities, Weirdness & Mutations

You have hoof-like feet.
A weak demonic guardian rushes to your aid.
Your demonic aura sometimes causes spilled blood to erupt in flames.
When seriously injured, your bleeding wounds create armour. (AC +6)


Message History

* * * LOW HITPOINT WARNING * * *
A demonic guardian appears!
You feel much better.
The gargoyle hurls a stone arrow at you.
You block the stone arrow.
The gargoyle barely misses your white imp.
Reach: i) +2 demon trident (antimagic)
Press: ? - help, Dir - move target, f - gargoyle
Aim: a gargoyle, wielding a +0 morningstar (severely damaged, ally target, about 20% to evade your +2 antimagic demon trident)
You reach to attack!
You barely miss the gargoyle.
The gargoyle is severely damaged.
Your white imp gestures at the gargoyle.
The puff of frost hits the gargoyle but does no damage.
The gargoyle hits your white imp with a +0 morningstar!!
Your white imp dies!
Reach: i) +2 demon trident (antimagic)
Press: ? - help, Dir - move target, f/p - gargoyle
Aim: a gargoyle, wielding a +0 morningstar (severely damaged, unaware, hasn't noticed you, about 20% to evade your +2 antimagic demon trident)
You reach to attack!
You hit the gargoyle but do no damage.
The gargoyle is severely damaged.
You hit the gargoyle.
The gargoyle is almost destroyed.
The gargoyle hurls a stone arrow at you.
The stone arrow hits you.
You hit the gargoyle but do no damage.
You kick the gargoyle, but do no damage.
The gargoyle is severely damaged.
The gargoyle hurls a stone arrow at you.
You block the stone arrow.
You hit the gargoyle. Your kick misses the gargoyle.
The gargoyle is almost destroyed.
The gargoyle hurls a stone arrow at you.
The stone arrow hits you!!
* * * LOW HITPOINT WARNING * * *
Your plate armour prevents you from hitting the gargoyle.
The gargoyle is almost destroyed.
The gargoyle hurls a stone arrow at you.
The stone arrow hits you!
You die...
Your body rises from the dead as a mindless zombie.

........######.†............
........# #..##.......#
........# #..##.......#
........# #..##....[..#
........# #..##.......#
........# #..##.......#
).......# #...........###.
).......# #...9...........
))......# #..@............
........# #..##...........
.##....... .....
#†......####
.##............. #.......#
.##=............ #..)....#
.##............. #.......#
.##.............#........#
...........####.....####.#
...........##........ .#


You could see a gargoyle.

Vanquished Creatures
  A boulder beetle (D:11)
  A two-headed ogre (D:9)
  Sonja (D:10)
  2 ugly things
  Maggie (D:6)
  A tengu conjurer (D:8)
  A troll (D:11)
  5 slime creatures (D:8)
  Grinder (D:6)
  A vampire (D:9)
  8 yaks
  Sigmund (D:3)
  A basilisk (D:11)
  Grum (D:9)
  Eustachio (D:5)
  A wraith (D:10)
  4 vampire mosquitoes (D:11)
  An acid dragon (D:7)
  A water moccasin (D:8)
  Duvessa (D:5)
  An ice beast (D:5)
  A sky beast (D:7)
  4 orc warriors
  A necrophage (D:6)
  An ogre (D:6)
  4 wolves (D:9)
  14 centaurs
  A phantom (D:5)
  A kobold brigand (D:6)
  3 bullfrogs (D:7)
  Dowan (D:5)
  4 water moccasin zombies (Ossuary)
  4 scorpions
  A water moccasin skeleton (D:6)
  4 howler monkeys (D:9)
  7 centaur zombies
  2 hounds
  3 orc priests
  A centaur skeleton (D:7)
  Jessica (D:2)
  A bullfrog skeleton (D:4)
  2 iguanas
  7 orc wizards
  A hound skeleton (D:5)
  2 mummies (Ossuary)
  3 gnolls (D:5)
  5 adders
  A white imp (D:6)
  An ufetubus (D:6)
  An adder skeleton (D:3)
  9 adder zombies
  2 worms (D:2)
  A dart slug (D:2)
  29 orcs
  3 ball pythons
  4 bats
  10 endoplasms
  7 giant cockroaches
  2 gnoll zombies (Ossuary)
  10 goblins
  6 hobgoblins
  8 jackals
  5 quokkas
  7 frilled lizards
  A goblin zombie (D:8)
  4 hobgoblin zombies (Ossuary)
  11 kobolds
  7 kobold zombies (Ossuary)
  3 orc zombies (Ossuary)
  4 rats
  A rat zombie (D:8)
  A vampire mosquito zombie (D:11)
253 creatures vanquished.

Vanquished Creatures (collateral kills)
  A slime creature (D:8)
  A wyvern (D:11)
  A black bear (D:11)
  An iguana (D:4)
  4 orcs
  A ball python (D:4)
9 creatures vanquished.

Vanquished Creatures (others)
  3 centaur zombies (D:11)
  A vampire mosquito zombie (D:11)
4 creatures vanquished.

Grand Total: 266 creatures vanquished

Notes
Turn   | Place    | Note
-------+----------+-------------------------------------------
     0 | D:1      | garrulousMonolith the Demonspawn Fighter began the quest
                  | for the Orb.
     0 | D:1      | Reached XP level 1. HP: 18/18 MP: 1/1
    59 | D:1      | Reached skill level 2 in Polearms
   257 | D:1      | Gained mutation: You have large cloven feet. [demonic
                  | ancestry]
   257 | D:1      | Reached XP level 2. HP: 24/24 MP: 2/2
   564 | D:1      | Found Nouzxoc's Distillery.
   566 | D:1      | Reached XP level 3. HP: 29/29 MP: 1/3
   752 | D:2      | Noticed Jessica
   774 | D:2      | Killed Jessica
   775 | D:2      | Reached skill level 1 in Dodging
   967 | D:2      | Gained mutation: When seriously injured, your bleeding
                  | wounds create armour. (AC +6) [demonic ancestry]
   967 | D:2      | Reached XP level 4. HP: 27/35 MP: 1/4
  1412 | D:2      | Found a faded altar of an unknown god.
  1590 | D:2      | Reached skill level 3 in Polearms
  2163 | D:3      | You fall into a shaft and drop 1 floor!
  2173 | D:4      | Reached XP level 5. HP: 33/41 MP: 1/5
  2580 | D:3      | Noticed Sigmund
  2587 | D:3      | Killed Sigmund
  2588 | D:3      | Gained mutation: A weak demonic guardian rushes to your
                  | aid. [demonic ancestry]
  2588 | D:3      | Reached XP level 6. HP: 38/48 MP: 2/6
  3060 | D:4      | Found a snail-covered altar of Cheibriados.
  3475 | D:4      | Reached skill level 4 in Polearms
  3499 | D:4      | Found a staircase to the Ecumenical Temple.
  3510 | Temple   | Entered the Ecumenical Temple
  3914 | D:4      | Identified the +7 hand axe "Des Ecu" {flame, Str+3}
  4203 | D:5      | Entered Level 5 of the Dungeon
  4237 | D:5      | Gained mutation: Your demonic aura sometimes causes spilled
                  | blood to erupt in flames. [demonic ancestry]
  4237 | D:5      | Reached XP level 7. HP: 28/54 MP: 2/7
  4315 | D:5      | Identified the +2 chain mail of Conscience {Will+ Regen+
                  | Str-5 Dex+3}
  4344 | D:5      | Noticed Eustachio
  4381 | D:5      | Killed Eustachio
  4468 | D:5      | Reached skill level 5 in Polearms
  4658 | D:5      | Noticed Duvessa
  4659 | D:5      | Noticed Dowan
  4672 | D:5      | Killed Duvessa
  4677 | D:5      | Killed Dowan
  4678 | D:5      | Reached XP level 8. HP: 61/61 MP: 2/8
  4927 | D:6      | Found a bloodstained altar of Trog.
  5242 | D:6      | Noticed Grinder
  5250 | D:6      | Paralysed by Grinder for 3 turns
  5270 | D:6      | Killed Grinder
  5271 | D:6      | Reached skill level 5 in Fighting
  5288 | D:6      | Found a sacrificial altar of Ru.
  5292 | D:6      | Found a shadowy altar of Dithmenos.
  5423 | D:6      | Noticed Maggie
  5428 | D:6      | Killed Maggie
  5429 | D:6      | Reached skill level 6 in Polearms
  5429 | D:6      | Reached skill level 5 in Shields
  5511 | D:6      | Found Dat Meicw's Book Emporium.
  5661 | D:6      | Reached skill level 5 in Armour
  5777 | D:6      | Reached XP level 9. HP: 49/69 MP: 3/9
  6276 | D:7      | Reached skill level 7 in Polearms
  6847 | D:8      | Reached skill level 5 in Dodging
  6879 | D:8      | Found a sand-covered staircase.
  6888 | Ossuary  | Entered an ossuary
  6932 | Ossuary  | Reached skill level 8 in Polearms
  6936 | Ossuary  | Reached XP level 10. HP: 74/77 MP: 3/10
  7122 | D:8      | Found an iron altar of Okawaru.
  7123 | D:8      | Found a broken altar of Ashenzari.
  7833 | D:9      | Found a runed translucent door.
  7851 | D:9      | Found a runed translucent door.
  8066 | D:9      | Reached skill level 9 in Polearms
  8110 | D:9      | Noticed a two-headed ogre
  8119 | D:9      | Killed a two-headed ogre
  8180 | D:9      | Noticed Grum
  8202 | D:9      | Killed Grum
  8596 | D:9      | Found a runed translucent door.
  8614 | D:9      | Found a runed translucent door.
  8784 | D:9      | Found a hazy altar of Hepliaklqana.
  8784 | D:9      | Found a basalt altar of Yredelemnul.
  8902 | D:9      | Became a worshipper of Yredelemnul the Dark
  8989 | D:10     | Entered Level 10 of the Dungeon
  9020 | D:10     | Noticed Sonja
  9027 | D:10     | Killed Sonja
  9028 | D:10     | Reached skill level 1 in Invocations
  9028 | D:10     | Gained mutation: You have hoof-like feet. [demonic
                  | ancestry]
  9028 | D:10     | Reached XP level 11. HP: 86/86 MP: 4/12
  9050 | D:10     | Found a radiant altar of Vehumet.
  9255 | D:10     | Noticed a cyan ugly thing
  9263 | D:10     | Killed a cyan ugly thing
  9666 | D:11     | Found a runed translucent door.
  9736 | D:11     | Found Togaawn's Antique Armour Emporium.
  9780 | D:11     | Noticed a boulder beetle
  9790 | D:11     | Killed a boulder beetle
  9791 | D:11     | Reached skill level 10 in Polearms
  9829 | D:11     | Reached * piety under Yredelemnul
  9940 | D:11     | Found a staircase to the Lair.
  9941 | D:11     | Noticed a purple ugly thing
  9958 | D:11     | Killed a purple ugly thing
  9959 | D:11     | Reached skill level 5 in Invocations
  9971 | D:11     | Killed from afar by a gargoyle

Illustrated notes

Levels and vault maps discovered:
D:1:      eino_arrival_water_star, layout_basic, serial_shops, shop,
          minmay_misc_feat_pillars
D:2:      layout_basic, shapermc_ecumenical_altar_mp_urbaneastern,
          palyth_stone_intersect, uniq_jessica
D:3:      layout_basic, st_stairs_2, minmay_door_square, minivault_14,
          corexii_shack, uniq_sigmund
D:4:      minmay_angry_zag, layout_cave_pools, cheibriados_altar_1,
          minmay_temple_entry_stoned_glass, serial_column_ruins,
          column_ruins_corridor_straight, column_ruins_open_tiny,
          column_ruins_open_tiny, chequers_big_river, minmay_misc_feat_chi
D:5:      layout_basic, uniq_eustachio, uniq_duvessa
D:6:      layout_basic, trog_three_pillars_becter,
          grunt_temple_overflow_diamond, serial_shops, shop,
          minmay_unpleasant_kobolds, uniq_maggie, uniq_grinder
D:7:      layout_basic, hangedman_decor_clover_reticule,
          kennysheep_generic_room_5
D:8:      layout_cave_pools, gammafunk_temple_overflow_statue, enter_ossuary_4,
          minivault_1, minmay_microvault
D:9:      layout_irregular_city, gammafunk_temple_overflow_pools,
          minmay_statue_crystal_thing, uniq_grum
D:10:     layout_rooms, nicolae_vehumet_altar_sigil, uniq_sonja
D:11:     gammafunk_mikee_crab_dinner, layout_long_grid, david_lair_generic,
          hiddenorc2_lemuel, gauntlet_entry_generic, serial_shops,
          kennysheep_little_box, tso_altar
Temple:   minmay_temple_bridge_abc

Skill      XL: |  1  2  3  4  5  6  7  8  9 10 11 |
---------------+----------------------------------+-----
Polearms       | 2 3 4 5 6 8 9 10 | 10.2
Armour         | 3 4 5 6 7 |  7.5
Dodging        | 1 2 3 4 5 |  5.0
Shields        | 3 4 5 6 7 |  7.6
Fighting       | 4 5 6 7 8 |  8.3
Invocations    | 1 5 |  5.1

Action                   |  1- 3 |  4- 6 |  7- 9 | 10-12 || total
-------------------------+-------+-------+-------+-------++-------
Melee: Trident           |    50 |       |       |       ||    50
       Demon trident     |    25 |   158 |   268 |   369 ||   820
       Kick              |     6 |    23 |    75 |   124 ||   228
Throw: Dart              |       |     1 |     5 |     7 ||    13
Invok: Animate Remains   |       |       |       |     6 ||     6
Evoke: Wand              |       |       |     1 |     4 ||     5
  Use: Scroll            |     2 |     2 |     8 |     3 ||    15
       Potion            |       |       |       |     3 ||     3
 Stab: Distracted        |       |       |       |     2 ||     2
Armor: Scale mail        |    20 |    46 |    26 |       ||    92
       Chain mail        |       |       |    57 |    78 ||   135
       Plate armour      |       |       |       |   151 ||   151
Dodge: Dodged            |    17 |    39 |    42 |   140 ||   238
Block: Kite shield       |    18 |    60 |   103 |   227 ||   408

Table legend: (Time is in decaauts)
 A = Elapsed time spent in this place.
 B = Non-inter-level travel time spent in this place.
 C = Inter-level travel time spent in this place.
 D = Time resting spent in this place.
 E = Time spent auto-exploring this place.
 F = Levels seen in this place.
 G = Mean time per level.
                   A        B        C        D        E       F      G
               +--------+--------+--------+--------+--------+-----+--------+
         Total |  10136 |   9428 |    708 |    427 |   6743 |  13 |  779.7 |
       Dungeon |   9753 |   9068 |    685 |    427 |   6502 |  11 |  886.6 |
        Temple |    191 |    168 |     23 |      0 |    165 |   1 |  191.0 |
       Ossuary |    191 |    191 |      0 |      0 |     76 |   1 |  191.0 |
               +--------+--------+--------+--------+--------+-----+--------+

Top non-repeatable levels by time:
     D:2: 1397 daAuts
     D:9: 1181 daAuts
     D:6: 1109 daAuts
     D:4: 998 daAuts
     D:3: 954 daAuts
     D:7: 825 daAuts
     D:8: 813 daAuts
     D:1: 756 daAuts
     D:5: 734 daAuts
    D:10: 538 daAuts
    D:11: 444 daAuts
  Temple: 191 daAuts
 Ossuary: 191 daAuts
